 Dungeon Crawl Stone Soup version 0.16-a0-223-g37887f7 (webtiles) character file.

721 MDvedh the Sneak (level 7, -1/32 HPs)
             Began as a Spriggan Enchanter on Aug 20, 2014.
             Was a Follower of Kikubaaqudgha.
             Slain by an orc warrior
             ... wielding a +0 glaive
              (24 damage)
             ... on Level 6 of the Dungeon.
             The game lasted 00:17:18 (6689 turns).

MDvedh the Sneak (Spriggan Enchanter)               Turns: 6689, Time: 00:17:18

HP  -1/32        AC  5     Str  4      XL: 7   Next: 43%
MP  12/18        EV 21     Int 16      God: Kikubaaqudgha [*.....]
Gold 183         SH  0     Dex 19      Spells:  4 memorised,  2 levels left

rFire  + . .     SeeInvis +     y - +3 cutlass of Focus {venom, rF+ MR++ SInv}
rCold  . . .     Clarity  .     b - +1 robe (curse)
rNeg   . . .     rCorr    +     (shield restricted)
rPois  +         rRot     .     (helmet restricted)
rElec  .         Spirit   .     h - +1 cloak (curse)
SustAb .         Warding  .     (gloves unavailable)
rMut   .         Stasis   .     (boots unavailable)
Gourm  .                        o - amulet of resist corrosion
MR     +++..                    (no ring)
                                (no ring)

@: very quick, extremely resistant to hostile enchantments, stealthy
A: unfitting armour, see invisible, herbivore 3, speed 3, low mp 1, mutation
resistance 1, poison resistance, slow metabolism 2
a: Receive Corpses, Renounce Religion


You were on level 6 of the Dungeon.
You worshipped Kikubaaqudgha.
Kikubaaqudgha was aware of your devotion.
You were not hungry.

You visited 1 branch of the dungeon, and saw 6 of its levels.
You also visited: Ossuary.

You collected 279 gold pieces.
You spent 96 gold pieces at shops.

Inventory:

Hand weapons
 a - a +2 dagger
 x - a +0 cutlass
 y - the +3 cutlass of Focus (weapon) {venom, rF+ MR++ SInv}
   (You found it on level 4 of the Dungeon)

   It poisons the flesh of those it strikes.
   It protects you from fire.
   It affects your resistance to hostile enchantments.
   It enhances your eyesight.
Armour
 b - a cursed +1 robe (worn)
 h - a cursed +1 cloak (worn)
Magical devices
 r - a wand of flame (12)
 t - a wand of polymorph (6) {unknown}
Comestibles
 i - 4 fruits
 l - a bread ration
Scrolls
 j - a scroll of random uselessness
 k - 2 scrolls of identify
 n - 4 scrolls of remove curse
 q - 3 scrolls of enchant weapon
 C - a scroll of magic mapping {unknown}
Jewellery
 o - an amulet of resist corrosion (around neck)
Potions
 d - a potion of porridge
 e - a potion of haste
 f - a potion of invisibility {unknown}
 g - 2 potions of brilliance {unknown}
 m - 8 potions of curing
 s - 3 potions of heal wounds
 u - 2 potions of might
 v - a potion of berserk rage {unknown}
 w - a potion of confusion {unknown}
 z - 3 potions of flight {unknown}
 A - 2 potions of degeneration {unknown}
 B - a potion of restore abilities {unknown}
Books
 c - a book of Maledictions

   Spells                             Type                      Level
   *Corona                            Hexes                        1
   Sure Blade                         Hexes/Charms                 2
   *Ensorcelled Hibernation           Hexes/Ice                    2
   *Confuse                           Hexes                        3
   Dazzling Spray                     Conjuration/Hexes            3
   *Enslavement                       Hexes                        4
 p - Kikubaaqudgha's Incunabulum of Evil
   (Kikubaaqudgha gifted it to you on level 5 of the Dungeon)

   Spells                             Type                      Level
   Pain                               Necromancy                   1
   Corpse Rot                         Necromancy                   2
   Sublimation of Blood               Necromancy                   2
   Vampiric Draining                  Necromancy                   3
   Control Undead                     Necromancy                   4


   Skills:
 + Level 5.5 Short Blades
 + Level 5.5 Dodging
 - Level 7.0 Stealth
 - Level 3.0 Spellcasting
 - Level 5.0 Hexes
 - Level 2.0 Ice Magic


You had 2 spell levels left.
You knew the following spells:

 Your Spells              Type           Power        Failure   Level  Hunger
a - Ensorcelled Hibernat  Hex/Ice        ##....       10%         2    ##.....
b - Corona                Hex            ###....      2%          1    #......
c - Enslavement           Hex            ###.....     28%         4    #####..
f - Confuse               Hex            ###.....     10%         3    ###....


Dungeon Overview and Level Annotations

Branches:
Dungeon (6/15)             Temple (0/1) D:5

Altars:
Ashenzari
Kikubaaqudgha
Okawaru
Trog
Vehumet
Xom
Zin

Shops:
D:4 !

Annotations:
D:4 WildSam's ghost, experienced DsCK


Innate Abilities, Weirdness & Mutations

You are tiny and cannot use many weapons and most armour.
You have supernaturally acute eyesight.
You are a herbivore.
You cover ground extremely quickly.
You need consume almost no food.
Your magical capacity is low (-10% MP).
You are somewhat resistant to further mutation.
Your system is resistant to poisons.


Message History

Confirm with . or Enter, or press ? or * to list all spells.
Aiming: Ensorcelled Hibernation
Press: ? - help, Shift-Dir - straight line, f - orc warrior
Aim: an orc warrior, wielding a glaive and wearing a plate armour The orc warrior resists.
The orc wizard mumbles some strange words.
The orc wizard blinks!
Casting: Ensorcelled Hibernation
Confirm with . or Enter, or press ? or * to list all spells.
Aiming: Ensorcelled Hibernation
Press: ? - help, Shift-Dir - straight line, f/p - orc warrior
Aim: an orc warrior, wielding a glaive and wearing a plate armour The orc warrior looks drowsy...
The orc wizard points at you and mumbles some strange words.
The magic dart hits you!
The orc warrior shouts!
The orc warrior hits you with a glaive!!
Ouch! That really hurt!
You die...
Kikubaaqudgha rasps: "You have failed me!
Welcome... death!"

... #......
##+#.......
#.......|....
+.............
#..............
#..............
#......o.o.....
#.....@Y........
##+#....##+##..
#....# #....#
#....# +....+
#....###+#.
..##+###.........
#.......#.........


You could see an orc warrior, a sky beast and an orc wizard.

Vanquished Creatures
  An elf zombie (Ossuary)
  A giant frog zombie (D:5)
  A crimson imp (D:6)
  2 centaur zombies (Ossuary)
  A goliath beetle (D:6)
  An iguana (D:5)
  A human zombie (Ossuary)
  A giant frog skeleton (D:5)
  An orc wizard (D:5)
  An orc priest (D:3)
  Natasha (thrice) (D:4)
  A worker ant (D:5)
  A big kobold zombie (Ossuary)
  Ijyb (D:2)
  2 mummies (Ossuary)
  A hound skeleton (D:5)
  A gnoll (D:5)
  4 adders
  A giant mite (D:2)
  2 worms
  An orc skeleton (D:5)
  A giant gecko (D:5)
  16 orcs
  4 giant cockroaches
  13 hobgoblins
  12 kobolds
  A quokka (D:2)
  3 ball pythons
  11 bats
  A giant gecko zombie (D:5)
  5 giant newts
  12 goblins
  A goblin zombie (Ossuary)
  4 hobgoblin zombies (Ossuary)
  11 jackals
  2 jackal zombies (Ossuary)
  16 kobold zombies (Ossuary)
  7 orc zombies (Ossuary)
  8 rats
  A rat zombie (Ossuary)
158 creatures vanquished.

Notes
Turn   | Place    | Note
--------------------------------------------------------------
     0 | D:1      | MDvedh, the Spriggan Enchanter, began the quest for the Orb.
     0 | D:1      | Reached XP level 1. HP: 9/9 MP: 4/4
   172 | D:1      | Reached XP level 2. HP: 5/13 MP: 7/7
   356 | D:1      | Learned a level 2 spell: Ensorcelled Hibernation
   682 | D:1      | Reached skill level 5 in Hexes
   761 | D:1      | Reached XP level 3. HP: 16/16 MP: 6/9
  1184 | D:2      | Noticed Ijyb
  1196 | D:2      | Killed Ijyb
  1196 | D:2      | Reached skill level 1 in Ice Magic
  1342 | D:2      | Reached XP level 4. HP: 21/21 MP: 12/12
  1920 | D:3      | Found a radiant altar of Vehumet.
  2242 | D:3      | Found an ancient bone altar of Kikubaaqudgha.
  2267 | D:3      | Became a worshipper of Kikubaaqudgha
  2347 | D:3      | Learned a level 3 spell: Confuse
  2790 | D:3      | Reached skill level 5 in Stealth
  3067 | D:4      | Found a sand-covered staircase.
  3067 | D:4      | Noticed Natasha
  3070 | D:4      | Killed Natasha
  3070 | D:4      | Reached XP level 5. HP: 24/24 MP: 11/16
  3081 | D:4      | Noticed Natasha
  3087 | D:4      | Killed Natasha
  3138 | D:4      | Found a shimmering altar of Xom.
  3140 | D:4      | Noticed an angel
  3141 | D:4      | Found a glowing silver altar of Zin.
  3195 | D:4      | Noticed Natasha
  3207 | D:4      | Killed Natasha
  3251 | D:4      | Found Muist's Distillery.
  3288 | D:4      | Bought a potion of heal wounds for 36 gold pieces
  3288 | D:4      | Bought a potion of might for 30 gold pieces
  3288 | D:4      | Bought a potion of mutation for 30 gold pieces
  3289 | D:4      | Gained mutation: Your magical capacity is low (-10% MP). [potion of mutation]
  3289 | D:4      | Gained mutation: Your system is resistant to poisons. [potion of mutation]
  3289 | D:4      | Gained mutation: You are somewhat resistant to further mutation. [potion of mutation]
  3616 | D:4      | Noticed WildSam's ghost (experienced DsCK)
  4048 | D:5      | Entered Level 5 of the Dungeon
  4072 | Ossuary  | Entered an ossuary
  4387 | Ossuary  | Reached skill level 6 in Stealth
  4565 | Ossuary  | Reached XP level 6. HP: 19/28 MP: 12/16
  4872 | Ossuary  | Reached skill level 7 in Stealth
  5413 | D:4      | Got an ichor-stained cutlass
  5414 | D:4      | Identified the +3 cutlass of Focus {venom, rF+ MR++ SInv} (You found it on level 4 of the Dungeon)
  5424 | D:4      | Learned a level 4 spell: Enslavement
  5673 | D:5      | Acquired Kikubaaqudgha's first power
  5673 | D:5      | Received a gift from Kikubaaqudgha
  5673 | D:5      | Reached XP level 7. HP: 29/32 MP: 18/18
  5687 | D:5      | Identified Kikubaaqudgha's Incunabulum of Evil (Kikubaaqudgha gifted it to you on level 5 of the Dungeon)
  5845 | D:5      | Reached skill level 5 in Short Blades
  5905 | D:5      | Found a staircase to the Ecumenical Temple.
  6023 | D:5      | Found a bloodstained altar of Trog.
  6023 | D:5      | Found an iron altar of Okawaru.
  6144 | D:5      | Reached skill level 5 in Dodging
  6561 | D:6      | Found a shattered altar of Ashenzari.
  6689 | D:6      | Slain by an orc warrior

Action                   |  1- 3 |  4- 6 |  7- 9 || total
-------------------------+-------+-------+-------++-------
Melee: Dagger            |   113 |   434 |       ||   547
       Cutlass           |       |    31 |    84 ||   115
 Cast: Ensorcelled Hiber |    10 |    22 |     7 ||    39
       Confuse           |       |    11 |       ||    11
  Use: Scroll            |     5 |     8 |       ||    13
       Potion            |       |     1 |       ||     1
 Stab: Sleeping          |     9 |    22 |     8 ||    39
       Confused          |       |     7 |       ||     7
       Distracted        |       |       |     1 ||     1
  Eat: Royal jelly       |       |     1 |       ||     1
       Bread ration      |       |     1 |       ||     1
